 Dungeon Crawl Stone Soup version 0.25.0-37-gb73750e0fb (webtiles) character file.

Game seed: 1438840822085921305

99 Gwenloh the Chopper (level 4, -1/41 HPs)
             Began as a Hill Orc Monk on July 8, 2020.
             Slain by Terence
             ... wielding a +0 falchion
              (3 damage)
             ... on level 3 of the Dungeon.
             The game lasted 00:06:13 (2187 turns).

Gwenloh the Chopper (Hill Orc Monk)                 Turns: 2187, Time: 00:06:13

Health: -1/41      AC:  4    Str: 13    XL:     4   Next: 72%
Magic:  4/4        EV: 12    Int: 10    God:
Gold:   80         SH:  0    Dex: 14    Spells: 3/3 levels left

rFire    . . .     SeeInvis .   a - +0 hand axe
rCold    . . .     Gourm    .   (no shield)
rNeg     . . .     Faith    .   h - +0 leather armour
rPois    .         Spirit   .   (no helmet)
rElec    .         Reflect  .   (no cloak)
rCorr    .         Harm     .   (no gloves)
MR       .....                  f - +0 pair of boots
Stlth    ++........             (no amulet)
HPRegen  0.13/turn              (no ring)
MPRegen  0.09/turn              (no ring)

@: no status effects
A: no striking features
a: no special abilities


You were on level 3 of the Dungeon.
You were not hungry.

You visited 1 branch of the dungeon, and saw 3 of its levels.

You collected 80 gold pieces.

Inventory:

Hand Weapons
 a - a +0 hand axe (weapon)
 b - a +0 hunting sling
Missiles
 e - 38 stones
 g - 40 sling bullets
 l - 3 javelins (quivered)
Armour
 f - a +0 pair of boots (worn)
 h - a +0 leather armour (worn)
Scrolls
 i - a scroll of teleportation {unknown}
 k - a scroll of enchant weapon {unknown}
 n - a scroll of noise {unknown}
 o - a scroll of random uselessness {unknown}
 r - a scroll of blinking {unknown}
 s - a scroll of remove curse {unknown}
Potions
 d - a potion of degeneration {unknown}
 j - 2 potions of haste {unknown}
 m - 2 potions of heal wounds {unknown}
 p - 2 potions of cancellation {unknown}
Comestibles
 c - 6 rations


   Skills:
 * Level 4.5 Fighting
 * Level 5.0 Axes
 * Level 2.4 Armour
 + Level 2.7 Dodging
 - Level 1.5 Stealth


You had 3 spell levels left.
You didn't know any spells.
Your spell library was empty.

Dungeon Overview and Level Annotations

Branches:
Dungeon (3/15)

Altars:

Annotations:
D:3 Terence


Message History

Terence is severely wounded.
Terence hits you with a +0 falchion.
* * * LOW HITPOINT WARNING * * *
You hit Terence but do no damage.
Terence is severely wounded.
Terence completely misses you.
You hit Terence but do no damage.
Terence is severely wounded.
Terence hits you with a +0 falchion.
* * * LOW HITPOINT WARNING * * *
You hit Terence but do no damage.
Terence is severely wounded.
Terence barely misses you.
You hit Terence but do no damage.
Terence is severely wounded.
Terence closely misses you.
You hit Terence but do no damage.
Terence is severely wounded.
Terence hits you with a +0 falchion.
You die...

......#..#
#..(...#
.w..(..#.#
######.#.###
#$#...#
#####.#
#####.#
#..##.#
##<@@.#
######


You could see Terence.

Vanquished Creatures
  5 adders
  An ooze (D:2)
  2 worms (D:2)
  A dart slug (D:1)
  A leopard gecko (D:1)
  A bat (D:1)
  A giant cockroach (D:1)
  5 goblins
  7 hobgoblins
  6 jackals
  3 kobolds
  3 frilled lizards
  5 rats (D:1)
41 creatures vanquished.

Notes
Turn   | Place    | Note
-------+----------+-------------------------------------------
     0 | D:1      | Gwenloh the Hill Orc Monk began the quest for the Orb.
     0 | D:1      | Reached XP level 1. HP: 19/19 MP: 1/1
   416 | D:1      | Reached XP level 2. HP: 27/27 MP: 2/2
   477 | D:1      | Reached skill level 1 in Armour
  1088 | D:2      | Reached XP level 3. HP: 25/33 MP: 3/3
  1530 | D:1      | Reached XP level 4. HP: 41/41 MP: 4/4
  1920 | D:2      | Reached skill level 5 in Axes
  2136 | D:3      | Noticed Terence
  2184 | D:3      | HP: 1/41 [Terence/+0 falchion (6)]
  2187 | D:3      | Slain by Terence

Illustrated notes

Levels and vault maps discovered:
D:1:      psy_arrival_spokes, layout_basic
D:2:      layout_rooms
D:3:      mumra_celtic_spiral_tile, layout_rooms, tso_oasis_becter,
          okawaru_gym_becter, uniq_terence

Skill      XL: |  1  2  3  4 |
---------------+-------------+-----
Armour         | 1 2 |  2.4
Fighting       | 4 |  4.5
Axes           | 5 |  5.0
Dodging        | |  2.7
Stealth        | |  1.5

Action                   |  1- 3 |  4- 6 || total
-------------------------+-------+-------++-------
Melee: Hand axe          |    67 |    73 ||   140
 Fire: Hunting sling     |       |    32 ||    32
Throw: Stone             |    15 |       ||    15
       Javelin           |    13 |       ||    13
  Eat: Chunk             |     2 |     2 ||     4
Armor: Robe              |     3 |       ||     3
       Leather armour    |    12 |    13 ||    25
Dodge: Dodged            |    51 |    42 ||    93
